 Dungeon Crawl Stone Soup version 0.14-a0-2061-g6c6fb9c (webtiles) character file.

97 M4edhros the Vandal (level 4, -2/28 HPs)
             Began as an Octopode Hunter on Jan 22, 2014.
             Slain by a gnoll
             ... wielding a +0,+0 spear
              (10 damage)
             ... on Level 2 of the Dungeon.
             The game lasted 00:01:43 (1133 turns).

M4edhros the Vandal (Octopode Hunter)               Turns: 1133, Time: 00:01:44

HP  -2/28        AC  1     Str 11      XL: 4   Next: 15%
MP   4/4         EV 12     Int 13      God:
Gold 31          SH  0     Dex 13      Spells:  0 memorised,  3 levels left

rFire  . . .     SeeInvis .     b - +2,+1 sling
rCold  . . .     Clarity  .     (no shield)
rNeg   . . .     Conserve .     (helmet restricted)
rPois  .         rCorr    .     (no amulet)
rElec  .         rRot     .     (no ring)
SustAb . .       Spirit   .     (no ring)
rMut   .         Warding  .     (no ring)
Saprov . . .     Stasis   .     (no ring)
MR     .....                    (no ring)
                                (no ring)
                                (no ring)
                                (no ring)

@: not resistant to hostile enchantments, stealthy
A: almost no armour, amphibious, 8 rings, constrict 8, camouflage 1, gelatinous
body 1
a: no special abilities


You were on level 2 of the Dungeon.
You were hungry.

You visited 1 branch of the dungeon, and saw 2 of its levels.

You collected 31 gold pieces.

Inventory:

Hand weapons
 a - a +0,+0 short sword
 b - a +2,+1 sling (weapon)
Missiles
 c - 5 sling bullets (quivered)
 g - 71 stones
Comestibles
 f - a bread ration
Scrolls
 d - a scroll of fog {unknown}
 i - a scroll of remove curse
 o - a scroll of amnesia
Potions
 e - a potion of lignification {unknown}
 h - a potion of flight {unknown}
 n - a potion of agility {unknown}


   Skills:
 - Level 1.0 Fighting
 + Level 5.6 Slings
 - Level 2.0 Dodging
 - Level 1.3 Stealth


You had 3 spell levels left.
You didn't know any spells.

Dungeon Overview and Level Annotations

Branches:
Dungeon (2/16)

Altars:


Innate Abilities, Weirdness & Mutations

You cannot wear most types of armour.
You are amphibious.
You can wear up to eight rings at the same time.
You can use your tentacles to constrict many enemies at once.
Your skin changes colour to match your surroundings (Stlth).
Your rubbery body absorbs attacks (AC +1).


Message History

Press: ? - help, Shift-Dir - straight line, f/p - gnoll
Aim: a gnoll, wielding a spear You shoot a sling bullet.
The sling bullet misses the gnoll.
The sling bullet hits the gnoll.
You kill the gnoll!
You have reached level 4!
The gnoll closely misses you.
Firing (i - inventory. (,) - cycle):
c - 7 sling bullets (quivered)
Press: ? - help, Shift-Dir - straight line, f/p - gnoll
Aim: a gnoll, wielding a spear You shoot a sling bullet.
The sling bullet misses the gnoll.
You are feeling hungry.
The gnoll barely misses you.
Firing (i - inventory. (,) - cycle):
c - 6 sling bullets (quivered)
Press: ? - help, Shift-Dir - straight line, f/p - gnoll
Aim: a gnoll, wielding a spear You shoot a sling bullet.
The sling bullet hits the gnoll.
The gnoll is moderately wounded.
The gnoll hits you from afar with a spear!
You die...

#..................#.#
......##..........%...... #
...##...............#.#.# ..#.
#.###...##.##)..#.#.# .. ...#
#...##.##...#.#.# #. .#.#
######.#........# #(##.##.#
#...#.#........#
##.((((..####..............#
.((.(....)g)@................
################...#####.#.# .
##.## #.#.# #... #.#### #.#
############...####)...###.#.#
.........g..................#.#
..!?....<...............#####.#
..######g.....#..>..##### ##.#
##.....###.....######...


You could see a gnoll.

Vanquished Creatures
  2 gnolls (D:2)
  An adder (D:2)
  A giant gecko (D:1)
  4 giant cockroaches (D:1)
  3 goblins
  8 hobgoblins
  5 kobolds
  2 ball pythons (D:1)
  3 bats
  A giant newt (D:1)
  6 rats (D:1)
36 creatures vanquished.

Notes
Turn   | Place    | Note
--------------------------------------------------------------
     0 | D:1      | M4edhros, the Octopode Hunter, began the quest for the Orb.
     0 | D:1      | Reached XP level 1. HP: 13/13 MP: 1/1
   108 | D:1      | Reached XP level 2. HP: 18/18 MP: 2/2
   384 | D:1      | Reached XP level 3. HP: 23/23 MP: 3/3
   564 | D:1      | Reached skill level 5 in Slings
  1131 | D:2      | Reached XP level 4. HP: 8/28 MP: 4/4
  1133 | D:2      | Slain by a gnoll

Action                   |  1- 3 |  4- 6 || total
-------------------------+-------+-------++-------
 Fire: Sling             |    74 |     2 ||    76
  Use: Scroll            |     5 |       ||     5
       Potion            |     1 |       ||     1
